 Dungeon Crawl Stone Soup version 0.28.0 (webtiles) character file.

Game seed: 18095716215866389057

571 PieDemon the Chopper (level 7, -15/61 HPs)
             Began as a Minotaur Fighter on Feb 19, 2022.
             Demolished by Maggie (16 damage)
             ... on level 6 of the Dungeon.
             The game lasted 00:04:44 (2244 turns).

PieDemon the Chopper (Minotaur Fighter)             Turns: 2244, Time: 00:04:45

Health: -15/61     AC:  8    Str: 23    XL:     7   Next: 11%
Magic:  6/6        EV:  9    Int:  5    God:
Gold:   114        SH:  5    Dex:  9    Spells: 6/6 levels left

rFire   + . .      SeeInvis .   a - +0 war axe
rCold   . . .      Faith    .   c - +0 buckler
rNeg    . . .      Spirit   .   b - +0 scale mail
rPois   .          Reflect  .   (helmet restricted)
rElec   .          Harm     .   t - scarf {repulsion}
rCorr   .          Rampage  .   (no gloves)
Will    .....                   i - +0 pair of boots
Stlth   ..........              (no amulet)
HPRegen 0.20/turn               q - ring of flight
MPRegen 0.10/turn               w - ring of protection from fire

@: flying, repel missiles
A: horns 2, retaliatory headbutt
a: no special abilities


You were on level 6 of the Dungeon.
You visited 1 branch of the dungeon, and saw 6 of its levels.

You collected 114 gold pieces.

Inventory:

Hand Weapons
 a - a +0 war axe (weapon)
Missiles
 o - 4 poisoned darts
 s - a throwing net
Armour
 b - a +0 scale mail (worn)
 c - a +0 buckler (worn)
 i - a +0 pair of boots (worn)
 t - a scarf of repulsion (worn)
Jewellery
 q - a ring of flight (left hand)
 w - a ring of protection from fire (right hand)
Wands
 p - a wand of acid (8)
Scrolls
 g - a scroll of teleportation {unknown}
 h - a scroll of enchant weapon {unknown}
 j - a scroll of noise {unknown}
 k - a scroll of identify {unknown}
 m - a scroll of amnesia {unknown}
 n - a scroll of vulnerability {unknown}
 v - a scroll of fog {unknown}
Potions
 d - a potion of brilliance {unknown}
 e - a potion of mutation {unknown}
 f - a potion of haste {unknown}
 l - a potion of invisibility {unknown}
 r - a potion of berserk rage {unknown}
 u - a potion of cancellation {unknown}


   Skills:
 + Level 5.4 Fighting
 * Level 6.2 Axes
 + Level 5.4 Armour
 + Level 5.4 Shields


You had 6 spell levels left.
You didn't know any spells.
Your spell library contained the following spells:

 Spells                   Type           Power      Damage    Failure   Level
 Beastly Appendage        Tmut           0%         N/A       86%         1
 Wereblood                Tmut           0%         N/A       94%         2
 Spider Form              Tmut/Pois      0%         N/A       99%         3


Dungeon Overview and Level Annotations

Branches:
Dungeon (6/15)
 Temple: D:4-7

Altars:
Fedhas

Annotations:
D:2 exclusion: downstairs
D:3 Grinder
D:6 Maggie


Innate Abilities, Weirdness & Mutations

You have a pair of horns on your head.
You reflexively headbutt those who attack you in melee.


Message History

You hit Maggie but do no damage. Your headbutt misses Maggie.
Maggie is moderately wounded.
Maggie closely misses you. You furiously retaliate!
You headbutt Maggie. You hit Maggie.
Maggie is moderately wounded.
Maggie hits you with a +1 morningstar of flaming!
Maggie burns you.
Maggie hits you with a +1 morningstar of flaming.
You slash Maggie!
Maggie is heavily wounded.
Maggie hits you with a +1 morningstar of flaming!
Maggie burns you.
You are too injured to fight recklessly!
You are too injured to fight recklessly!
Unknown command.
You slash Maggie!
Maggie is severely wounded.
Maggie barely misses you.
You slash Maggie! Your headbutt misses Maggie.
Maggie is severely wounded.
Maggie gestures at you while chanting. The bolt of fire hits you! You resist.
You completely miss Maggie.
Maggie is severely wounded.
Maggie hits you with a +1 morningstar of flaming!
* * * LOW HITPOINT WARNING * * *
Maggie gestures at you while chanting. The bolt of fire hits you! You resist.
* * * LOW HITPOINT WARNING * * *
You barely miss Maggie.
Maggie is severely wounded.
You break out of your daze.
Maggie hits you with a +1 morningstar of flaming.
* * * LOW HITPOINT WARNING * * *
Maggie burns you.
* * * LOW HITPOINT WARNING * * *
You closely miss Maggie.
Maggie is severely wounded.
Maggie hits you with a +1 morningstar of flaming!
You die...

### #<# #+#
#.######### #.#
#<........# ##.##
#.#...###.# ...
#.#.#.# #.# #@#
#.#.#.###.#####@#
#.#.#...........#
#.#.#####.#######
#.#.......#
#.######### ...


You could see Maggie.

Vanquished Creatures
  A water moccasin (D:5)
  A necrophage (D:4)
  A centaur (D:5)
  A scorpion (D:4)
  A hound (D:4)
  3 iguanas
  An orc wizard (D:4)
  A gnoll (D:1)
  6 adders
  A worm (D:2)
  2 dart slugs
  10 orcs
  2 giant cockroaches
  3 goblins
  3 hobgoblins (D:1)
  2 ball pythons (D:1)
  3 bats
  2 frilled lizards
  5 kobolds
  A rat (D:2)
50 creatures vanquished.

Notes
Turn   | Place    | Note
-------+----------+-------------------------------------------
     0 | D:1      | PieDemon the Minotaur Fighter began the quest for the Orb.
     0 | D:1      | Reached XP level 1. HP: 19/19 MP: 0/0
    43 | D:1      | Reached XP level 2. HP: 9/27 MP: 1/1
    63 | D:1      | Reached skill level 3 in Axes
   677 | D:2      | Reached XP level 3. HP: 33/33 MP: 2/2
   807 | D:3      | Noticed Grinder
   903 | D:3      | Found a blossoming altar of Fedhas.
   920 | D:3      | Found a faded altar of an unknown god.
   959 | D:4      | Reached skill level 4 in Axes
   959 | D:4      | Reached XP level 4. HP: 22/40 MP: 3/3
   989 | D:4      | Noticed a necrophage
  1146 | D:4      | Killed a necrophage
  1147 | D:4      | Reached XP level 5. HP: 38/47 MP: 4/4
  1448 | D:4      | Reached skill level 5 in Axes
  1474 | D:4      | Reached XP level 6. HP: 53/55 MP: 5/5
  1482 | D:4      | Reached skill level 5 in Armour
  1507 | D:5      | Entered Level 5 of the Dungeon
  1535 | D:5      | Reached skill level 5 in Fighting
  1535 | D:5      | Reached skill level 5 in Shields
  1704 | D:5      | Noticed a water moccasin
  1718 | D:5      | Killed a water moccasin
  1979 | D:5      | Reached skill level 6 in Axes
  1979 | D:5      | Reached XP level 7. HP: 43/61 MP: 6/6
  2231 | D:6      | Noticed Maggie
  2243 | D:6      | HP: 2/61 [Maggie (6)]
  2244 | D:6      | Demolished by Maggie

Illustrated notes

Levels and vault maps discovered:
D:1:      dpeg_arrival_rooms_c, layout_basic, minmay_misc_feat_rugged,
          skrybe_limestone_x
D:2:      layout_basic
D:3:      layout_rooms, mainiacjoe_overflow_boulevard,
          shapermc_ecumenical_altar_flowoftime, uniq_jessica, uniq_grinder
D:4:      layout_cave_pools, supply_closet_lemuel
D:5:      layout_rooms, serial_curves, eino_curves_02, eino_curves_04,
          eino_curves_04, kennysheep_generic_room_16, uniq_blork_the_orc
D:6:      layout_basic, minmay_temple_entry_offerings, serial_shops,
          nicolae_shop_overgrown_old_shop, uniq_maggie, uniq_crazy_yiuf_cottage

Skill      XL: |  1  2  3  4  5  6 |
---------------+-------------------+-----
Axes           | 3 4 5 6 |  6.2
Armour         | 4 5 |  5.4
Fighting       | 4 5 |  5.4
Shields        | 4 5 |  5.4

Action                   |  1- 3 |  4- 6 |  7- 9 || total
-------------------------+-------+-------+-------++-------
Melee: War axe           |    65 |    63 |    20 ||   148
       Headbutt          |     6 |    13 |       ||    19
Throw: Dart              |     1 |       |       ||     1
  Use: Potion            |       |     1 |       ||     1
Armor: Scale mail        |    28 |    36 |     6 ||    70
Dodge: Dodged            |    37 |    32 |     7 ||    76
Block: Buckler           |    14 |    15 |     3 ||    32
